 Dungeon Crawl Stone Soup version 0.32-a0-329-ge6c31236d6 (webtiles) character file.

Game seed: 16103462925574810906

392 BubbleThief the Covert (level 7, 0/40 HPs)
             Began as a Kobold Brigand on Feb 16, 2024.
             Was a Follower of Uskayaw.
             Slain by an ufetubus (1 damage)
             ... summoned by Eustachio
             ... on level 4 of the Dungeon.
             The game lasted 00:06:42 (3503 turns).

BubbleThief the Covert (Kobold Brigand)             Turns: 3503, Time: 00:06:44

Health: 0/40       AC:  3    Str:  7    XL:     7   Next: 8%
Magic:  4/7        EV: 11    Int: 12    God:    Uskayaw [*.....]
Gold:   176        SH:  0    Dex: 18    Spells: 6/6 levels left

rFire   + . .        a - +2 dagger
rCold   . . .        (no shield)
rNeg    . . .        b - +0 robe
rPois   .            (no helmet)
rElec   .            c - +0 cloak
rCorr   .            (no gloves)
SInv    .            (no boots)
Will    .....        (no amulet)
Stlth   +++++        (no ring)
HPRegen 0.26/turn    (no ring)
MPRegen 0.10/turn

%: random rage (3%)
@: constricted
A: small, no large weapons, nightstalker 3, berserk 1, fire resistance 1, weak 1
a: Renounce Religion, Stomp


You were on level 4 of the Dungeon.
You worshipped Uskayaw.
Uskayaw was noncommittal.
You visited 2 branches of the dungeon, and saw 5 of its levels.

You collected 176 gold pieces.

Inventory:

Hand Weapons
 a - a +2 dagger (weapon)
Missiles
 d - 9 poisoned darts
 t - 3 datura-tipped darts
Armour
 b - a +0 robe (worn)
 c - a +0 cloak (worn)
Jewellery
 u - a +6 ring of intelligence
Scrolls
 g - a scroll of enchant armour {unknown}
 h - a scroll of identify {unknown}
 i - 2 scrolls of enchant weapon {unknown}
 j - a scroll of fog {unknown}
 o - a scroll of blinking {unknown}
 q - a scroll of torment {unknown}
 r - a scroll of poison {unknown}
Potions
 f - a potion of resistance {unknown}
 k - a potion of haste {unknown}
 l - a potion of cancellation
 m - a potion of brilliance {unknown}
 n - 2 potions of mutation
 p - a potion of attraction {unknown}
 s - a potion of magic {unknown}


   Skills:
 - Level 2.1 Fighting
 + Level 6.8 Short Blades
 - Level 2.1 Throwing
 - Level 1.2 Dodging
 + Level 8.7 Stealth


You had 6 spell levels left.
You didn't know any spells.
Your spell library contained the following spells:

 Spells                   Type           Power      Damage    Failure   Level
 Apportation              Tloc           0%         N/A       32%         1
 Necrotise                Necr           0%         1d4       32%         1
 Sting                    Conj/Alch      0%         1d3       32%         1
 Summon Small Mammal      Summ           0%         N/A       32%         1
 Cause Fear               Hex            0%         N/A       97%         4
 Fireball                 Conj/Fire      0%         3d3       100%        5
 Dragon's Call            Summ           0%         N/A       100%        9


Dungeon Overview and Level Annotations

Branches:
Dungeon (4/15)             Temple (1/1) D:4

Altars:
Ashenzari
Cheibriados
Dithmenos
Elyvilon
Fedhas
Makhleb
Nemelex Xobeh
Okawaru
Sif Muna
Trog
Uskayaw
Vehumet
Wu Jian
Yredelemnul
Zin
The Shining One

Shops:
D:1 ==

Annotations:
D:4 Eustachio


Innate Abilities, Weirdness & Mutations

You are small and have problems with some larger weapons.
You are completely attuned to the shadows.
You sometimes lose your temper in combat.
Your flesh is heat resistant. (rF+)
You are weak. (Str -2)


Message History

The shadow imp gestures at you. Pain shoots through your body!
* * * LOW HITPOINT WARNING * * *
The quokka barely misses you. The shadow imp hits you.
* * * LOW HITPOINT WARNING * * *
The crimson imp blinks!
The ufetubus misses you. The ufetubus barely misses you.
The bat hits you but does no damage. The ufetubus closely misses you.
The ufetubus misses you.
A ball python comes into view.
Unknown command.
The crimson imp disappears in a puff of smoke!
The ufetubus attacks as it pursues you!
The ufetubus hits you but does no damage.
The ufetubus closely misses you. x2
The ufetubus hits you but does no damage.
The ufetubus attacks as it pursues you! The ufetubus hits you.
* * * LOW HITPOINT WARNING * * *
The ufetubus misses you. The ball python closely misses you.
The ball python grabs you. The ball python constricts you.
Okay, then.
You barely miss the ball python. The ufetubus hits you.
* * * LOW HITPOINT WARNING * * *
The ufetubus hits you.
* * * LOW HITPOINT WARNING * * *
The ball python bites you but does no damage.
The ball python constricts you.
* * * LOW HITPOINT WARNING * * *
It was a potion of cancellation.
You feel magically purged. The ball python closely misses you.
The ball python constricts you.
It was a potion of mutation.
You feel extremely strange.
You feel a little pissed off.
You feel weaker.
You feel resistant to heat.
The shadow imp disappears in a puff of smoke!
The ball python misses you. The ball python constricts you.
The ufetubus hits you.
* * * LOW HITPOINT WARNING * * *
The ufetubus hits you.
You die...
Your body falls in perfect tune with the rhythm.

#.# ##.##
##.#.#######
#.###).....#
##.#.#####.# ##.##
#.# ### #.#
########.########
#..S@5rb@.........
#.#####...)..###$##
... #..###.##...##
... #...().(.....#
#.# #..###5.......
######.### #..#
#....^...
...<.....#
...............
####.)...##.
#......#.......
....g......
..#.......


You could see Eustachio, an ufetubus (summoned), a quokka (summoned), a bat
(summoned) and a ball python.

Vanquished Creatures
  Blork the orc (D:4)
  A jelly (D:4)
  2 orc priests (D:3)
  3 gnolls
  3 adders
  2 ribbon worms (D:2)
  A dart slug (D:1)
  7 orcs (D:3)
  10 bats
  8 endoplasms
  5 giant cockroaches (D:3)
  7 goblins
  7 hobgoblins
  8 jackals
  6 kobolds
  A quokka (D:4)
  13 ball pythons
  4 frilled lizards
  3 rats
92 creatures vanquished.

Notes
Turn   | Place    | Note
-------+----------+-------------------------------------------
     0 | D:1      | BubbleThief the Kobold Brigand began the quest for the Orb.
     0 | D:1      | Reached XP level 1. HP: 12/12 MP: 1/1
    84 | D:1      | Reached XP level 2. HP: 17/17 MP: 2/2
   129 | D:1      | Found Jytydim's Jewellery Emporium.
   145 | D:1      | Reached skill level 6 in Stealth
   145 | D:1      | Reached XP level 3. HP: 21/21 MP: 3/3
   340 | D:1      | Found Juuhukh's Jewellery Emporium.
   342 | D:1      | You fall into a shaft and drop 1 floor!
   484 | D:2      | Reached XP level 4. HP: 20/26 MP: 4/4
  1094 | D:2      | Reached XP level 5. HP: 23/30 MP: 5/5
  1108 | D:2      | Reached skill level 7 in Stealth
  1619 | D:2      | Reached skill level 5 in Short Blades
  2070 | D:3      | Found a snail-covered altar of Cheibriados.
  2073 | D:3      | Reached XP level 6. HP: 35/35 MP: 6/6
  2178 | D:3      | Found a sparkling altar of Nemelex Xobeh.
  2256 | D:3      | Found a radiant altar of Vehumet.
  2496 | D:3      | Reached skill level 8 in Stealth
  2987 | D:4      | Found a staircase to the Ecumenical Temple.
  2992 | Temple   | Entered the Ecumenical Temple
  3017 | Temple   | Became a worshipper of Uskayaw the Reveller
  3130 | D:4      | Reached * piety under Uskayaw
  3160 | D:4      | Noticed Blork the orc
  3191 | D:4      | Reached ** piety under Uskayaw
  3467 | D:4      | Noticed Eustachio
  3478 | D:4      | Killed Blork the orc
  3479 | D:4      | Reached XP level 7. HP: 19/40 MP: 7/7
  3501 | D:4      | HP: 2/40 [ufetubus[Eustachio] (2)]
  3503 | D:4      | Gained mutation: You sometimes lose your temper in combat.
                  | [potion of mutation]
  3503 | D:4      | Gained mutation: You are weak. (Str -2) [potion of
                  | mutation]
  3503 | D:4      | Gained mutation: Your flesh is heat resistant. (rF+)
                  | [potion of mutation]
  3503 | D:4      | Slain by an ufetubus

Illustrated notes

Levels and vault maps discovered:
D:1:      shiori_arrival_maze, layout_loops_ring, serial_shops, shop,
          nicolae_shop_stone
D:2:      layout_loops_ring, serial_park_tiny_pond, kennysheep_small_spiral
D:3:      layout_loops_ring, mainiacjoe_overflow_24_doors,
          nicolae_vehumet_radiance, mainiacjoe_overflow_brackets,
          mainiacjoe_sewer_entry_somewhere_in_here_1, minmay_close_crescents
D:4:      layout_loops_ring, nicolae_hepliaklqana_monster_ancestors,
          temple_statues, uniq_eustachio, uniq_menkaure, uniq_blork_the_orc
Temple:   oiseaux_autumnal_temple

Skill      XL: |  1  2  3  4  5  6 |
---------------+-------------------+-----
Short Blades   | 3 4 5 6 |  6.8
Stealth        | 6 7 8 |  8.7
Fighting       | |  2.1
Throwing       | |  2.1
Dodging        | |  1.2

Action                     |  1- 3 |  4- 6 |  7- 9 || total
---------------------------+-------+-------+-------++-------
  Melee: Dagger            |    40 |   195 |    13 ||   248
  Throw: Dart              |       |     4 |     1 ||     5
 Invoke: Stomp             |       |     2 |       ||     2
         Line Pass         |       |       |     1 ||     1
    Use: Potion            |       |       |     2 ||     2
   Stab: Sleeping          |    17 |    30 |       ||    47
         Distracted        |       |     2 |       ||     2
 Armour: Robe              |    11 |    71 |    16 ||    98
  Dodge: Dodged            |    11 |    78 |    27 ||   116

Table legend: (Time is in decaauts)
 A = Elapsed time spent in this place.
 B = Non-inter-level travel time spent in this place.
 C = Inter-level travel time spent in this place.
 D = Time resting spent in this place.
 E = Time spent auto-exploring this place.
 F = Levels seen in this place.
 G = Mean time per level.
                   A        B        C        D        E       F      G
               +--------+--------+--------+--------+--------+-----+--------+
         Total |   3453 |   3265 |    188 |    297 |   2236 |   5 |  690.6 |
       Dungeon |   3402 |   3262 |    140 |    297 |   2236 |   4 |  850.5 |
        Temple |     50 |      2 |     48 |      0 |      0 |   1 |   50.0 |
               +--------+--------+--------+--------+--------+-----+--------+

Top non-repeatable levels by time:
     D:3: 1238 daAuts
     D:2: 910 daAuts
     D:1: 782 daAuts
     D:4: 471 daAuts
  Temple: 50 daAuts
